 Dungeon Crawl Stone Soup version 0.28.0-62-gf88900778d (webtiles) character file.

Game seed: 3565817995289481423

1531 Kraken2834 the Shield-Bearer (level 8, 0/111 HPs)
             Began as a Deep Dwarf Fighter on Sept 3, 2023.
             Was an Initiate of Makhleb.
             Slain by a boulder beetle (13 damage)
             ... on level 7 of the Dungeon.
             The game lasted 00:13:35 (4293 turns).

Kraken2834 the Shield-Bearer (Deep Dwarf Fighter)   Turns: 4293, Time: 00:13:36

Health: 0/111      AC: 28    Str: 23    XL:     8   Next: 55%
Magic:  2/2        EV:  2    Int:  8    God:    Makhleb [......]
Gold:   339        SH:  5    Dex: 12    Spells: 7/7 levels left

rFire   . . .      SeeInvis .   a - +0 war axe
rCold   . . .      Faith    .   c - +0 buckler
rNeg    . . .      Spirit   .   (armour currently unavailable)
rPois   +          Reflect  .   (helmet currently unavailable)
rElec   .          Harm     .   (cloak currently unavailable)
rCorr   .          Rampage  .   (gloves currently unavailable)
Will    +....      NoTele   +   (boots currently unavailable)
Stlth   +.........              (no amulet)
HPRegen 0.00/turn               o - +4 ring of protection
MPRegen 0.08/turn               (no ring)

@: tree-form
A: stationary, stasis, torment immunity, boosted hp, damage resistance, heal
wounds, sense surroundings 1, no regeneration
a: Heal Wounds, Renounce Religion


You were on level 7 of the Dungeon.
You worshipped Makhleb.
Makhleb was noncommittal.
You were a tree.
You visited 2 branches of the dungeon, and saw 8 of its levels.

You collected 443 gold pieces.
You spent 104 gold pieces at shops.

Inventory:

Hand Weapons
 a - a +0 war axe (weapon)
Missiles
 m - a throwing net
Armour
 b - a +0 scale mail (melded)
 c - a +0 buckler (worn)
 s - +0 steam dragon scales
Jewellery
 o - a +4 ring of protection (left branch)
 v - a ring of flight
Wands
 x - a wand of iceblast (5)
 y - a wand of flame (8)
Scrolls
 e - a scroll of teleportation
 g - a scroll of enchant armour
 i - 2 scrolls of enchant weapon {unknown}
 j - a scroll of blinking {unknown}
 k - a scroll of amnesia
 l - a scroll of silence {unknown}
 n - a scroll of noise
 p - a scroll of immolation {unknown}
 w - 2 scrolls of identify
 B - a scroll of fog {unknown}
Potions
 d - 2 potions of might
 f - a potion of berserk rage
 h - a potion of mutation
 q - 2 potions of cancellation
 r - a potion of flight
 t - a potion of magic
 u - 2 potions of resistance
 z - a potion of attraction {unknown}
 A - a potion of lignification


   Skills:
 + Level 5.1 Fighting
 + Level 5.6 Axes
 + Level 6.2 Armour
 + Level 5.0 Dodging
 + Level 6.2 Shields


You had 7 spell levels left.
You didn't know any spells.
Your spell library contained the following spells:

 Spells                   Type           Power      Damage    Failure   Level
 Blink                    Tloc           0%         N/A       63%         2
 Corpse Rot               Necr/Air       0%         N/A       63%         2
 Poisonous Vapours        Pois/Air       0%         N/A       63%         2
 Lesser Beckoning         Tloc           0%         N/A       86%         3
 Tukima's Dance           Hex            0%         N/A       86%         3
 Anguish                  Hex/Necr       0%         N/A       99%         4
 Alistair's Intoxication  Tmut/Pois      0%         N/A       100%        5
 Borgnjor's Vile Clutch   Necr/Erth      0%         N/A       100%        5
 Manifold Assault         Tloc           0%         N/A       100%        5
 Eringya's Noxious Bog    Tmut/Pois      0%         N/A       100%        6
 Enfeeble                 Hex            0%         N/A       100%        7


Dungeon Overview and Level Annotations

Branches:
Dungeon (7/15)             Temple (1/1) D:7

Altars:
Ashenzari
Cheibriados
Dithmenos
Elyvilon
Fedhas
Gozag
Hepliaklqana
Kikubaaqudgha
Makhleb
Nemelex Xobeh
Okawaru
Qazlal
Ru
Sif Muna
Trog
Uskayaw
Vehumet
Wu Jian
Xom
Zin
The Shining One

Shops:
D:4 ?


Innate Abilities, Weirdness & Mutations

You are a tree.
Your roots penetrate the ground, keeping you stationary.
You cannot be teleported.
You are immune to unholy pain and torment.
Your maximum health is greatly increased.
Your equipment is partially melded.
You are resistant to damage.
You can heal yourself by infusing magical energy.
You passively map a small area around you.
You do not regenerate.


Message History

The boulder beetle is lightly wounded.
The boulder beetle bites you but does no damage.
You hit the boulder beetle but do no damage.
The boulder beetle is lightly wounded.
The boulder beetle bites you!
You hit the boulder beetle but do no damage.
The boulder beetle is lightly wounded.
The boulder beetle bites you.
You slash the boulder beetle!
The boulder beetle is moderately wounded.
The boulder beetle leaps! x2
You cannot move.
You cannot move.
You are too injured to fight recklessly!
You are too injured to fight recklessly!
You hit the boulder beetle.
The boulder beetle is moderately wounded.
You block the boulder beetle's attack.
You slash the boulder beetle!
The boulder beetle is heavily wounded.
The boulder beetle bites you.
You hit the boulder beetle but do no damage.
The boulder beetle is heavily wounded.
The boulder beetle bites you!
* * * LOW HITPOINT WARNING * * *
You hit the boulder beetle but do no damage.
The boulder beetle is heavily wounded.
The boulder beetle bites you. x2
You hit the boulder beetle.
The boulder beetle is heavily wounded.
The boulder beetle bites you!
* * * LOW HITPOINT WARNING * * *
You hit the boulder beetle but do no damage.
The boulder beetle is heavily wounded.
The boulder beetle bites you!
* * * LOW HITPOINT WARNING * * *
You slash the boulder beetle!
The boulder beetle is severely wounded.
The boulder beetle bites you!
You die...

##########
############.♣.......
####........##.B#######.
#........##.#...## *
#.##.###.........# *,
#.##.# ####.#...##
#.##.######.##.##
#.##........##.# ,
#.############.# #.#
*#+# , ,


You could see a boulder beetle.

Vanquished Creatures
  A steam dragon (D:6)
  A necrophage (D:7)
  An orc warrior (D:7)
  3 black bears
  A sky beast (D:7)
  An ogre (D:5)
  A phantom (D:5)
  A kobold brigand (D:6)
  A scorpion (D:6)
  A howler monkey (D:7)
  2 bullfrog zombies
  4 hounds
  2 bullfrog skeletons
  An iguana (D:5)
  5 orc wizards
  A hound skeleton (D:5)
  A howler monkey zombie (D:7)
  4 adders
  2 white imps (D:6)
  An ufetubus (D:6)
  3 dart slugs
  12 orcs
  2 ball pythons (D:3)
  3 endoplasms
  2 giant cockroaches (D:3)
  11 goblins
  A hobgoblin (D:3)
  10 kobolds
  2 quokkas
  3 bats
  2 frilled lizards (D:1)
  5 rats
91 creatures vanquished.

Vanquished Creatures (others)
  3 plants
3 creatures vanquished.

Grand Total: 94 creatures vanquished

Notes
Turn   | Place    | Note
-------+----------+-------------------------------------------
     0 | D:1      | Kraken2834 the Deep Dwarf Fighter began the quest for the
                  | Orb.
     0 | D:1      | Reached XP level 1. HP: 20/20 MP: 1/1
    29 | D:1      | Found a faded altar of an unknown god.
   177 | D:1      | Reached XP level 2. HP: 22/27 MP: 2/2
   404 | D:1      | Reached skill level 1 in Dodging
  1244 | D:3      | Reached XP level 3. HP: 18/33 MP: 3/3
  1907 | D:4      | Reached XP level 4. HP: 38/42 MP: 4/4
  1990 | D:4      | Reached XP level 5. HP: 29/49 MP: 5/5
  2035 | D:4      | Found Pappih's Magic Scroll Emporium.
  2043 | D:4      | Bought a scroll of enchant armour for 82 gold pieces
  2043 | D:4      | Bought a scroll of identify for 22 gold pieces
  2374 | D:5      | Entered Level 5 of the Dungeon
  2401 | D:5      | Noticed a phantom
  2412 | D:5      | Killed a phantom
  2413 | D:5      | Reached XP level 6. HP: 49/57 MP: 5/5
  3014 | D:5      | Reached XP level 7. HP: 43/64 MP: 5/5
  3181 | D:6      | Noticed a steam dragon
  3199 | D:6      | Killed a steam dragon
  3200 | D:6      | Reached skill level 5 in Armour
  3200 | D:6      | Reached skill level 5 in Shields
  3385 | D:6      | Reached skill level 5 in Axes
  3385 | D:6      | Reached XP level 8. HP: 39/73 MP: 5/5
  3932 | D:7      | Reached skill level 5 in Fighting
  3999 | D:7      | Found a staircase to the Ecumenical Temple.
  4015 | Temple   | Entered the Ecumenical Temple
  4118 | Temple   | Became a worshipper of Makhleb the Destroyer
  4209 | D:7      | Reached skill level 5 in Dodging
  4255 | D:7      | Noticed a boulder beetle
  4293 | D:7      | Slain by a boulder beetle

Illustrated notes

Levels and vault maps discovered:
D:1:      dpeg_arrival_more_subterranean_lakeside_camping, layout_loops_cross,
          shapermc_ecumenical_altar_mp_ritualfount
D:2:      layout_basic
D:3:      kennysheep_big_flooded_room, layout_basic, corexii_corridor_pit,
          kennysheep_generic_room_12
D:4:      layout_cave_pools, serial_shops, nicolae_shop_advertising_works
          [nicolae_subvault_shop_adworks], chequers_garden
D:5:      layout_gridville
D:6:      layout_rooms
D:7:      layout_loops_corners, overflow_temple_1_default,
          minmay_temple_entry_mini_moons, corexii_corridor_pit,
          kennysheep_small_square
Temple:   kilobyte_greek_temple

Skill      XL: |  1  2  3  4  5  6  7  8 |
---------------+-------------------------+-----
Dodging        | 1 2 3 4 5 |  5.0
Fighting       | 3 4 5 |  5.1
Axes           | 3 4 5 |  5.6
Armour         | 4 5 6 |  6.2
Shields        | 4 5 6 |  6.2

Action                   |  1- 3 |  4- 6 |  7- 9 || total
-------------------------+-------+-------+-------++-------
Melee: War axe           |   103 |   101 |   176 ||   380
 Abil: Heal Wounds       |     1 |     4 |     9 ||    14
  Use: Scroll            |     3 |     3 |     2 ||     8
       Potion            |     3 |       |     1 ||     4
Armor: Scale mail        |    35 |    82 |   111 ||   228
       Skin              |       |       |     3 ||     3
Dodge: Dodged            |    33 |    63 |    97 ||   193
Block: Buckler           |    19 |    31 |    35 ||    85
